 Dungeon Crawl Stone Soup version 0.31-a0-848-gaac375c287 (webtiles) character file.

Game seed: 476565259152426100

717 croobank the Covert (level 7, -2/50 HPs)
             Began as an Octopode Delver on Oct 4, 2023.
             Was an Initiate of Ashenzari.
             Slain by an ogre
             ... wielding a +0 giant club
              (19 damage)
             ... on level 5 of the Dungeon.
             The game lasted 00:15:13 (4346 turns).

croobank the Covert (Octopode Delver)               Turns: 4346, Time: 00:15:13

Health: -2/50      AC:  1    Str: 12    XL:     7   Next: 70%
Magic:  10/10      EV: 14    Int: 14    God:    Ashenzari [......]
Gold:   326        SH:  0    Dex: 13    Spells: 10/10 levels left

rFire   . . .        c - +7 Throatcutter {drain, coup de grace, Comp, Self} (curse)
rCold   . . .        (no shield)
rNeg    . . .        (helmet restricted)
rPois   .            (no amulet)
rElec   .            (no ring)
rCorr   .            (no ring)
SInv    .            (no ring)
Will    .....        (no ring)
Stlth   +++++        (no ring)
HPRegen 0.28/turn    (no ring)
MPRegen 0.12/turn    (no ring)
                     (no ring)

%: no passive effects
@: no status effects
A: almost no armour, amphibious, 8 rings, camouflage 1, gelatinous body 1,
(nimble swimmer 1), tentacles
a: Renounce Religion, Curse Item, Shatter the Chains


You were on level 5 of the Dungeon.
You worshipped Ashenzari.
Ashenzari was noncommittal.
You visited 1 branch of the dungeon, and saw 6 of its levels.

You collected 326 gold pieces.

Inventory:

Hand Weapons
 a - a +0 short sword
 b - a +3 dagger of flaming
 c - the cursed +7 Throatcutter (weapon) {drain, coup de grace, Comp, Self}
   (You took it off Terence on level 2 of the Dungeon)

   It has a curse which improves the following skills: Companions: Summonings
   and Necromancy.
   Introspection: Fighting and Spellcasting.
 r - a +0 war axe
 t - a +3 scythe
Missiles
 n - a throwing net (quivered)
 w - 15 poisoned darts
 y - 6 javelins
Talismans
 i - a maw talisman
Wands
 f - a wand of digging (3)
Scrolls
 d - a scroll of fear
 k - 3 scrolls of fog
 l - a scroll of amnesia
 m - a scroll of immolation
 o - a scroll of poison
 p - a scroll of enchant armour
 s - a scroll of teleportation
 x - a scroll of blinking {unknown}
Potions
 e - a potion of haste
 g - 5 potions of curing
 h - a potion of magic {unknown}
 j - 2 potions of heal wounds
 q - 2 potions of might {unknown}
 u - 2 potions of brilliance {unknown}
 v - a potion of degeneration {unknown}
 z - a potion of lignification {unknown}


   Skills:
 + Level 4.6(5.0) Fighting
 - Level 3.0(3.7) Short Blades
 * Level 3.0(3.6) Long Blades
 + Level 4.0 Dodging
 + Level 8.3 Stealth
 + Level 1.9(2.2) Spellcasting
 + Level 2.2 Ice Magic


You had 10 spell levels left.
You didn't know any spells.
Your spell library contained the following spells:

 Spells                   Type           Power      Damage    Failure   Level
 Frozen Ramparts          Ice            14%        1d3       28%         3
 Stone Arrow              Conj/Erth      2%         3d7       56%         3
 Tukima's Dance           Hex            1%         N/A       56%         3
 Fulminant Prism          Conj/Hex       0%         3d5       93%         4
 Enfeeble                 Hex            0%         N/A       100%        7
 Lehudib's Crystal Spear  Conj/Erth      0%         10d2      100%        8
 Animate Armour           Summ/Erth      Unusable   N/A       N/A         4

Dungeon Overview and Level Annotations

Branches:
Dungeon (6/15)             Temple (0/1) D:4

Altars:
Ashenzari
Fedhas
Okawaru
Qazlal
Trog

Annotations:
D:1 2 transporters


Innate Abilities, Weirdness & Mutations

You cannot wear most types of armour.
You are amphibious.
You can wear up to eight rings at the same time.
Your skin changes colour to match your surroundings (Stealth+).
Your rubbery body absorbs attacks. (AC +1, EV +1)
((You are camouflaged when in or above water. (Stealth+)))
You have tentacles for arms and can constrict up to eight enemies at once.


Message History

The endoplasm hits you.
You barely miss the endoplasm. The endoplasm closely misses you.
You slash the endoplasm!
You kill the endoplasm!
No target in view!
Things that are here:
a +0 mace; a +0 ring mail An endoplasm comes into view.
The helpless endoplasm fails to defend itself.
You slash the endoplasm!
You kill the endoplasm!
No target in view!
You see here a +0 giant club.
You now have 326 gold pieces (gained 7).
Done exploring.
Done exploring.
There is a stone staircase leading down here.
You climb downwards.
Found a ring mail.
There is a stone staircase leading up here.
Found a falchion.
Found a stone staircase leading up.
Menkaure, Prince of Dust comes into view.
An ogre comes into view. It is wielding a +0 giant club.
Menkaure shouts!
The ogre shouts!
You hit Menkaure.
You behead Menkaure!
You destroy Menkaure!
Your Long Blades skill increases to level 3!
Your Dodging skill increases to level 4!
You slash the ogre! You squeeze the ogre.
The ogre is heavily wounded.
The ogre closely misses you.
You hit the ogre.
The ogre is severely wounded.
The ogre hits you with a +0 giant club!!
Ouch! That really hurt!
You are too injured to fight recklessly!
You barely miss the ogre.
The ogre is severely wounded.
The ogre hits you with a +0 giant club!!
You die...

*****,,******,,***,#.......
#,,#...#*,,,,,,+.......
#.,#.#.#*,,***,#.......
#..#.#.#**,* *,#.......
###########..#.#.# *,*
*,#....... ..<........,.....#
*,* *,#.......
###.[......,,#...# *,*
*,#....... ...........,,#..O#
*,***,#.......
##.........,,#..@#
*,,,*,#.......
#.########*,#...#####.#,*,,,....
#.# #.#.........#,****#### #.#
#.#..########,* #.# #.#..# *,*
#.# #.#..# *,* #.# #.#..# *,*
#.# #.#..# *,* #.#
#.#..#####***,*


You could see an ogre.

Vanquished Creatures
  Sigmund (D:2)
  Menkaure (D:5)
  An ogre (D:4)
  A howler monkey (D:5)
  A jelly (D:5)
  Terence (D:2)
  An orc wizard (D:3)
  Robin (D:2)
  7 gnolls
  7 adders
  5 worms
  3 dart slugs
  9 orcs
  6 endoplasms
  2 giant cockroaches
  6 goblins
  11 hobgoblins
  3 quokkas
  4 ball pythons
  4 bats (D:2)
  6 kobolds
  5 rats
86 creatures vanquished.

Notes
Turn   | Place    | Note
-------+----------+-------------------------------------------
     0 | D:5      | croobank the Octopode Delver began the quest for the Orb.
     0 | D:5      | Reached XP level 1. HP: 16/16 MP: 1/1
     2 | D:6      | Noticed a kobold brigand
     2 | D:6      | Found a blossoming altar of Fedhas.
     2 | D:6      | Found a stormy altar of Qazlal.
     2 | D:6      | Found an iron altar of Okawaru.
    66 | D:5      | Found a broken altar of Ashenzari.
    94 | D:5      | Became a worshipper of Ashenzari the Shackled
   104 | D:5      | Noticed a howler monkey
   115 | D:5      | Killed a howler monkey
   116 | D:5      | Reached skill level 7 in Stealth
   116 | D:5      | Reached XP level 2. HP: 20/21 MP: 2/2
   116 | D:5      | Reached XP level 3. HP: 25/26 MP: 3/3
   186 | D:5      | Reached XP level 4. HP: 22/32 MP: 4/4
   318 | D:3      | Got a grimy book
   637 | D:2      | Found a bloodstained altar of Trog.
   866 | D:1      | Found a transporter.
   880 | D:1      | Found a transporter.
  1377 | D:2      | Noticed Sigmund
  1552 | D:2      | Reached XP level 5. HP: 37/37 MP: 5/5
  1630 | D:2      | Noticed Terence
  1649 | D:2      | Killed Terence
  1752 | D:2      | Killed Sigmund
  1753 | D:2      | Reached skill level 1 in Long Blades
  1753 | D:2      | Reached skill level 1 in Spellcasting
  1753 | D:2      | Reached skill level 1 in Ice Magic
  1753 | D:2      | Reached XP level 6. HP: 41/43 MP: 5/7
  2135 | D:2      | Noticed Robin
  2139 | D:2      | Killed Robin
  2514 | D:3      | Reached skill level 8 in Stealth
  2772 | D:3      | Found a faded altar of an unknown god.
  3057 | D:3      | Reached XP level 7. HP: 19/49 MP: 9/9
  3554 | D:4      | Found a staircase to the Ecumenical Temple.
  4339 | D:5      | Noticed Menkaure
  4341 | D:5      | Killed Menkaure
  4346 | D:5      | Slain by an ogre

Illustrated notes

Levels and vault maps discovered:
D:1:      spicycebolla_arrival_transporter_tutorial, layout_loops_ring,
          minmay_crystal_room, st_stairs_1
D:2:      layout_loops_ring, serial_forest, infiniplex_forest_pool,
          infiniplex_forest_straight_5, infiniplex_forest_lined_room_3,
          infiniplex_forest_lined_2, infiniplex_forest_diagonal,
          infiniplex_forest_end_3, infiniplex_forest_lined_2,
          infiniplex_forest_corner_2, basic_altar, nrook_loot_triangle,
          minivault_11, corexii_leaking_fountain, uniq_sigmund, uniq_robin,
          uniq_terence
D:3:      layout_basic, ebering_ecumenical_altar_sacrificial
D:4:      layout_cave_pods, minmay_temple_entry_statues_fountains,
          kennysheep_potato
D:5:      minmay_diamond_boxcup, layout_basic, kennysheep_mini,
          amcnicky_altar_gilded, nicolae_overflow_two_pavilions, uniq_pikel,
          uniq_grinder, uniq_menkaure
D:6:      old_forge, layout_loops_ring,
          chequers_temple_overflow_statue_of_worship, enter_ossuary_2,
          uniq_duvessa

Skill      XL: |  1  2  3  4  5  6  7 |
---------------+----------------------+-----
Stealth        | 7 8 |  8.3
Short Blades   | 3 |  3.0
Dodging        | 3 4 |  4.0
Fighting       | 4 |  4.6
Long Blades    | 1 2 3 |  3.0
Spellcasting   | 1 |  1.9
Ice Magic      | 1 2 |  2.2

Action                     |  1- 3 |  4- 6 |  7- 9 || total
---------------------------+-------+-------+-------++-------
  Melee: Short sword       |    17 |    63 |       ||    80
         Tentacles         |     2 |    19 |     4 ||    25
         Constrict         |     2 |    19 |     8 ||    29
         Punch             |       |     3 |       ||     3
         Long sword        |       |    51 |    40 ||    91
  Throw: Throwing net      |       |     1 |       ||     1
 Invoke: Curse Item        |       |     1 |     1 ||     2
         Shatter the Chain |       |     1 |       ||     1
    Use: Scroll            |     2 |    12 |       ||    14
         Potion            |       |       |     1 ||     1
   Stab: Sleeping          |     1 |    23 |     5 ||    29
 Armour: Skin              |     3 |    45 |    22 ||    70
  Dodge: Dodged            |    14 |    63 |    30 ||   107

Table legend: (Time is in decaauts)
 A = Elapsed time spent in this place.
 B = Non-inter-level travel time spent in this place.
 C = Inter-level travel time spent in this place.
 D = Time resting spent in this place.
 E = Time spent auto-exploring this place.
 F = Levels seen in this place.
 G = Mean time per level.
                   A        B        C        D        E       F      G
               +--------+--------+--------+--------+--------+-----+--------+
         Total |   4356 |   4218 |    138 |    846 |   2425 |   6 |  726.0 |
       Dungeon |   4356 |   4218 |    138 |    846 |   2425 |   6 |  726.0 |
               +--------+--------+--------+--------+--------+-----+--------+

Top non-repeatable levels by time:
     D:2: 1200 daAuts
     D:3: 1171 daAuts
     D:4: 1115 daAuts
     D:1: 614 daAuts
     D:5: 249 daAuts
     D:6: 4 daAuts
